 Dungeon Crawl Stone Soup version 0.26-a0-651-gb41185065b (webtiles) character file.

Game seed: 17616082339217570046

8960 Apogee the Thaumaturge (level 11, -20/81 HPs)
             Began as a Gnoll Wanderer on Oct 29, 2020.
             Was an Elder of Sif Muna.
             Shot with a bolt by a yaktaur captain (39 damage)
             ... on level 11 of the Dungeon on Oct 30, 2020.
             The game lasted 00:23:49 (13875 turns).

Apogee the Thaumaturge (Gnoll Wanderer)            Turns: 13875, Time: 00:23:49

Health: -20/81     AC:  2    Str: 18    XL:     11   Next: 39%
Magic:  23/23      EV: 26    Int: 15    God:    Sif Muna [****..]
Gold:   460        SH:  0    Dex: 19    Spells: 22/26 levels left

rFire    . . .     SeeInvis .     - Unarmed
rCold    . . .     Faith    +   (shield currently unavailable)
rNeg     . . .     Spirit   .   (armour currently unavailable)
rPois    x         Reflect  .   (helmet currently unavailable)
rElec    .         Harm     .   (cloak currently unavailable)
rCorr    .         Rampage  .   (gloves currently unavailable)
MR       .....                  (boots currently unavailable)
Stlth    ++++......             q - amulet of faith {!P}
HPRegen  0.23/turn              l - ring of flight
MPRegen  0.18/turn              (no ring)

@: spider-form, slowed, very slow
A: tiny, distributed training, strong nose
a: End Transformation, Channel Magic, Forget Spell, Divine Exegesis, Renounce
Religion, Evoke Flight


You were on level 11 of the Dungeon.
You worshipped Sif Muna.
Sif Muna was greatly pleased with you.
You were a venomous arachnid creature.
You visited 2 branches of the dungeon, and saw 12 of its levels.

You collected 660 gold pieces.
You spent 200 gold pieces at shops.

Inventory:

Hand Weapons
 a - a +0 dagger
 i - a -1 short sword
   (You found it on level 1 of the Dungeon)
 I - a +2 short sword of holy wrath
   (You took it off a kobold on level 7 of the Dungeon)
 L - a +0 short sword of protection (melded)
   (You took it off an orc on level 3 of the Dungeon)
Missiles
 N - 5 curare-tipped darts (quivered) {!f}
Armour
 j - a +2 ring mail of cold resistance
   (You found it on level 1 of the Dungeon)
 r - a +0 robe
 y - a +0 pair of boots (melded)
   (You found it on level 4 of the Dungeon)
 G - a +0 buckler (melded)
   (You found it on level 6 of the Dungeon)
 M - the +3 scale mail of Limitation (melded) {Str+5}
   (You found it on level 9 of the Dungeon)

   It affects your strength (+5).
 Q - a +0 helmet (melded)
   (You found it on level 3 of the Dungeon)
Jewellery
 l - a ring of flight (left front leg)
   (You found it on level 1 of the Dungeon)
 q - an amulet of faith (around neck) {!P}
   (You found it on level 2 of the Dungeon)
 R - an uncursed ring of protection from cold {unknown}
   (You found it on level 10 of the Dungeon)
Wands
 d - a wand of iceblast (4)
   (You found it on level 2 of the Dungeon)
 s - a wand of enslavement (8)
   (You found it on level 3 of the Dungeon)
 u - a wand of paralysis (8)
   (You found it on level 8 of the Dungeon)
 v - a wand of digging (3)
   (You found it on level 10 of the Dungeon)
 C - a wand of polymorph (20)
   (You found it on level 5 of the Dungeon)
Scrolls
 c - 14 scrolls of teleportation {@r4}
 e - a scroll of fog
 h - 2 scrolls of magic mapping
 k - 5 scrolls of immolation {!r}
 o - 4 scrolls of enchant armour
 B - 9 scrolls of identify {@r1}
 E - 3 scrolls of amnesia {unknown}
 F - a scroll of remove curse {@r2}
 H - a scroll of enchant weapon
 O - a scroll of acquirement {unknown}
 P - a scroll of blinking
Potions
 b - a potion of invisibility
 f - a potion of cancellation {unknown}
 g - 6 potions of flight {unknown}
 m - 2 potions of curing {unknown}
 n - 3 potions of magic {unknown}
 p - 3 potions of lignification {unknown}
 t - 3 potions of might {unknown}
 w - 2 potions of resistance {unknown}
 x - 2 potions of brilliance {unknown}
 z - a potion of haste {unknown}
 A - 4 potions of heal wounds {unknown}
 D - a potion of degeneration {unknown}
 J - 2 potions of mutation {unknown}
Miscellaneous
 K - a condenser vane (2/2)
   (You bought it in a shop on level 8 of the Dungeon)


   Skills:
 + Level 6.2 Fighting
 + Level 7.8 Short Blades
 + Level 6.2 Long Blades
 + Level 6.2 Axes
 + Level 6.2 Maces & Flails
 + Level 6.2 Polearms
 + Level 6.2 Staves
 + Level 6.2 Slings
 + Level 6.2 Bows
 + Level 6.2 Crossbows
 + Level 6.2 Throwing
 + Level 6.2 Armour
 + Level 6.8 Dodging
 + Level 6.2 Stealth
 + Level 6.8 Shields
 + Level 6.2 Unarmed Combat
 + Level 8.1 Spellcasting
 + Level 5.1 Conjurations
 + Level 5.1 Hexes
 + Level 5.1 Summonings
 + Level 5.1 Necromancy
 + Level 5.1 Translocations
 + Level 5.6 Transmutations
 + Level 5.1 Fire Magic
 + Level 5.1 Ice Magic
 + Level 5.1 Air Magic
 + Level 5.1 Earth Magic
 + Level 6.5 Poison Magic
 + Level 6.8 Invocations
 + Level 6.8 Evocations


You had 22 spell levels left.
You knew the following spells:

 Your Spells              Type           Power        Failure   Level
a - Beastly Appendage     Tmut           ###...       5%          1
x - Spider Form           Tmut/Pois      ###.......   11%         3

Your spell library contained the following spells:

 Spells                   Type           Power        Failure   Level
 Animate Skeleton         Necr           ###...       6%          1
 Pain                     Necr           ###.         6%          1
 Sandblast                Erth           ###...       6%          1
 Wereblood                Tmut           ###.....     8%          2
 Confusing Touch          Hex            ###.....     13%         3
 Gell's Gravitas          Tloc           ###.......   13%         3
 Stone Arrow              Conj/Erth      ###...       13%         3
 Vampiric Draining        Necr           ###.......   13%         3
 Ice Form                 Ice/Tmut       ###.....     30%         4
 Petrify                  Tmut/Erth      ###.....     30%         4
 Animate Dead             Necr           ###.......   32%         4
 Blade Hands              Tmut           ###.......   54%         5
 Yara's Violent Unravell  Hex/Tmut       ###.......   56%         5
 Agony                    Necr           ###.....     58%         5
 Metabolic Englaciation   Hex/Ice        ###.......   58%         5


Dungeon Overview and Level Annotations

Branches:
Dungeon (11/15)            Temple (1/1) D:5            Lair (0/6) D:10
    Orc: D:9-12

Altars:
Ashenzari
Cheibriados
Dithmenos
Elyvilon
Fedhas
Gozag
Hepliaklqana
Kikubaaqudgha
Makhleb
Nemelex Xobeh
Okawaru
Qazlal
Ru
Sif Muna
Trog
Uskayaw
Vehumet
Wu Jian
Xom
Yredelemnul
Zin
The Shining One

Shops:
D:8 }   D:9 *}}


Innate Abilities, Weirdness & Mutations

Your experience applies equally to all skills.
((You have very sharp teeth.))
Your uncanny sense of smell can sniff out nearby items.


Message History

You bite the ogre!
The ogre is poisoned.
The ogre completely misses you.
You hit the ogre.
The ogre looks as sick as possible!
The ogre misses you.
You bite the ogre!
You kill the ogre!
Sif Muna accepts your kill.
Your transformation is almost over.
Your transformation has ended.
Your +0 short sword of protection unmelds from your body.
Your +0 helmet unmelds from your body.
Your +0 pair of boots unmelds from your body.
Your +0 buckler unmelds from your body.
The +3 scale mail of Limitation {Str+5} unmelds from your body.
Your +0 short sword of protection hums with potential!
Things that are here:
a +0 giant spiked club; an ogre corpse
Things that are here:
a +0 giant spiked club; an ogre corpse An ogre mage comes into view.
It is wielding a +0 halberd.
You turn into a venomous arachnid creature.
Your +0 short sword of protection melds into your body.
Your +0 helmet melds into your body.
Your +0 pair of boots melds into your body.
Your +0 buckler melds into your body.
The +3 scale mail of Limitation {Str+5} melds into your body.
Your +0 short sword of protection goes still.
The ogre mage shouts!
A yaktaur captain comes into view.
The ogre mage mumbles some strange words.
The ogre mage flickers and vanishes!
Deactivating autopickup; reactivate with Ctrl-A.
The yaktaur captain shouts!
You hit something.
The yaktaur captain wields a +0 arbalest.
The yaktaur captain shoots a bolt.
You hear some strange, mumbled words.
You feel yourself slow down.
You bite something! Something closely misses you.
The yaktaur captain shoots a bolt.
The bolt hits you!!
Unknown command.
Something hits you.
You hear some strange, mumbled words.
Something tries to affect you, but you resist.
The yaktaur captain shoots a bolt.
Reactivating autopickup.
You feel a bit more experienced.
The yaktaur captain shoots a bolt.
The bolt hits you!!
* * * LOW HITPOINT WARNING * * *
You see here a bolt.
The yaktaur captain shoots a bolt.
The bolt hits you!!!
You die...

..#.....(.# ######
.......c#####....##
....###(.#..#.....#
.. #....#........#
#....#........#
#+####.(..#........#
#...##..###.)#######
#...##..###..## ∆
#....s........#
#.<.##........#
...##...##).##....#
........##..#######
#+###....'..#
#....#..# ###+##+##


You could see a yaktaur captain.

Vanquished Creatures
  A two-headed ogre (D:11)
  A centaur zombie (D:10)
  A troll (D:10)
  2 hippogriffs
  A wraith (D:10)
  9 yaks (D:10)
  Sigmund (D:2)
  The ghost of Quinzzz the Magician, an amateur DEAE (D:3)
  2 ice beasts (D:5)
  A black bear (D:8)
  An orc warrior (D:9)
  2 phantoms
  8 ogres
  3 sky beasts
  6 wolves (D:10)
  2 centaurs
  5 big kobolds
  3 bullfrogs
  A wyvern skeleton (D:7)
  5 scorpions
  6 howler monkeys
  5 electric eels (D:10)
  2 bullfrog zombies
  A quasit (D:8)
  3 orc priests
  10 hounds
  A jelly (D:7)
  4 centaur skeletons
  2 iguanas (D:9)
  6 orc wizards
  6 worker ants
  2 hound skeletons
  2 hound zombies
  2 howler monkey zombies
  11 adders
  A gnoll (D:3)
  A shadow imp (D:10)
  5 white imps
  An ufetubus (D:5)
  An ooze (D:1)
  2 adder zombies (D:7)
  An adder skeleton (D:5)
  3 worms
  2 dart slugs
  2 leopard geckos
  26 orcs
  3 bats
  3 giant cockroaches
  5 goblins
  9 hobgoblins
  13 jackals
  24 kobolds
  3 quokkas
  A ball python (D:4)
  12 frilled lizards
  2 jackal skeletons
  6 rats
245 creatures vanquished.

Vanquished Creatures (others)
  An ogre mage (D:11)
1 creature vanquished.

Grand Total: 246 creatures vanquished

Notes
Turn   | Place    | Note
-------+----------+-------------------------------------------
     0 | D:1      | Apogee the Gnoll Wanderer began the quest for the Orb.
     0 | D:1      | Apogee set off with the following items: a +0 dagger, a
                  | scroll of teleportation {@r4}, a +0 robe; and the following
                  | spells available to memorise: Beastly Appendage, Wereblood,
                  | Spider Form, Sandblast, Stone Arrow, Ice Form, Blade Hands
     0 | D:1      | Reached XP level 1. HP: 13/13 MP: 6/6
    19 | D:1      | Learned a level 1 spell: Beastly Appendage
   550 | D:1      | Reached XP level 2. HP: 18/19 MP: 5/7
   890 | D:1      | Reached XP level 3. HP: 25/25 MP: 7/9
  1095 | D:1      | Reached skill level 5 in Spellcasting
  1294 | D:2      | Noticed Sigmund
  1308 | D:2      | Learned a level 3 spell: Spider Form
  1320 | D:2      | Killed Sigmund
  1320 | D:2      | Reached skill level 1 in Fighting
  1320 | D:2      | Reached skill level 1 in Long Blades
  1320 | D:2      | Reached skill level 1 in Axes
  1320 | D:2      | Reached skill level 1 in Maces & Flails
  1320 | D:2      | Reached skill level 1 in Polearms
  1320 | D:2      | Reached skill level 1 in Staves
  1320 | D:2      | Reached skill level 1 in Slings
  1320 | D:2      | Reached skill level 1 in Bows
  1320 | D:2      | Reached skill level 1 in Crossbows
  1320 | D:2      | Reached skill level 1 in Throwing
  1320 | D:2      | Reached skill level 1 in Armour
  1320 | D:2      | Reached skill level 1 in Stealth
  1320 | D:2      | Reached skill level 1 in Unarmed Combat
  1320 | D:2      | Reached skill level 1 in Conjurations
  1320 | D:2      | Reached skill level 1 in Hexes
  1320 | D:2      | Reached skill level 1 in Summonings
  1320 | D:2      | Reached skill level 1 in Necromancy
  1320 | D:2      | Reached skill level 1 in Translocations
  1320 | D:2      | Reached skill level 1 in Fire Magic
  1320 | D:2      | Reached skill level 1 in Ice Magic
  1320 | D:2      | Reached skill level 1 in Air Magic
  1320 | D:2      | Reached skill level 1 in Earth Magic
  1320 | D:2      | Reached skill level 1 in Invocations
  1320 | D:2      | Reached XP level 4. HP: 32/32 MP: 8/11
  1320 | D:2      | Reached XP level 5. HP: 37/37 MP: 8/12
  2187 | D:2      | Reached XP level 6. HP: 44/44 MP: 13/13
  2395 | D:3      | Found a runed translucent door.
  2397 | D:3      | Noticed Quinzzz's ghost (amateur DEAE)
  3055 | D:3      | Reached skill level 5 in Short Blades
  3168 | D:3      | Killed Quinzzz's ghost
  3440 | D:3      | Reached XP level 7. HP: 48/50 MP: 12/15
  4773 | D:5      | Entered Level 5 of the Dungeon
  4983 | D:5      | Reached XP level 8. HP: 8/57 MP: 14/16
  5346 | D:5      | Found a staircase to the Ecumenical Temple.
  5353 | Temple   | Entered the Ecumenical Temple
  5698 | Temple   | Became a worshipper of Sif Muna the Loreminder
  6385 | D:6      | Reached skill level 6 in Spellcasting
  7253 | D:6      | Reached * piety under Sif Muna
  7543 | D:7      | Reached skill level 5 in Poison Magic
  7543 | D:7      | Reached XP level 9. HP: 65/65 MP: 14/18
  7764 | D:7      | Found a sacrificial altar of Ru.
  8055 | D:7      | Found a shimmering altar of Xom.
  8082 | D:7      | Reached skill level 5 in Dodging
  8082 | D:7      | Reached skill level 5 in Shields
  8082 | D:7      | Reached skill level 5 in Evocations
  8247 | D:7      | Reached ** piety under Sif Muna
  8859 | D:8      | Found Sucegh's Gadget Emporium.
  8864 | D:8      | Bought a condenser vane (2/2) for 200 gold pieces
  8965 | D:8      | Reached skill level 5 in Invocations
  9705 | D:8      | Reached skill level 7 in Spellcasting
  9705 | D:8      | Reached XP level 10. HP: 33/73 MP: 17/20
 10180 | D:9      | Found Faibruarch's Gadget Emporium.
 10206 | D:9      | Got an ichor-stained scale mail
 10237 | D:9      | Identified the +3 scale mail of Limitation {Str+5} (You
                  | found it on level 9 of the Dungeon)
 10523 | D:9      | Found Wesaorch Waunn's Assorted Antiques.
 10531 | D:9      | Reached *** piety under Sif Muna
 10543 | D:9      | Reached skill level 5 in Fighting
 10543 | D:9      | Reached skill level 5 in Long Blades
 10543 | D:9      | Reached skill level 5 in Axes
 10543 | D:9      | Reached skill level 5 in Maces & Flails
 10543 | D:9      | Reached skill level 5 in Polearms
 10543 | D:9      | Reached skill level 5 in Staves
 10543 | D:9      | Reached skill level 5 in Slings
 10543 | D:9      | Reached skill level 5 in Bows
 10543 | D:9      | Reached skill level 5 in Crossbows
 10543 | D:9      | Reached skill level 5 in Throwing
 10543 | D:9      | Reached skill level 5 in Armour
 10543 | D:9      | Reached skill level 5 in Stealth
 10543 | D:9      | Reached skill level 5 in Unarmed Combat
 10616 | D:9      | Found Keamer's Gadget Shoppe.
 11491 | D:10     | Entered Level 10 of the Dungeon
 11934 | D:10     | Reached skill level 5 in Transmutations
 12117 | D:10     | Reached **** piety under Sif Muna
 12807 | D:10     | Reached XP level 11. HP: 81/81 MP: 22/22
 13232 | D:10     | Found a staircase to the Lair.
 13326 | D:10     | Reached skill level 5 in Conjurations
 13326 | D:10     | Reached skill level 5 in Hexes
 13326 | D:10     | Reached skill level 5 in Summonings
 13326 | D:10     | Reached skill level 5 in Necromancy
 13326 | D:10     | Reached skill level 5 in Translocations
 13326 | D:10     | Reached skill level 5 in Fire Magic
 13326 | D:10     | Reached skill level 5 in Ice Magic
 13326 | D:10     | Reached skill level 5 in Air Magic
 13326 | D:10     | Reached skill level 5 in Earth Magic
 13468 | D:10     | Reached skill level 8 in Spellcasting
 13735 | D:11     | Noticed a two-headed ogre
 13760 | D:11     | Killed a two-headed ogre
 13861 | D:11     | Noticed an ogre mage
 13865 | D:11     | Noticed a yaktaur captain
 13871 | D:11     | Killed an ogre mage
 13875 | D:11     | Shot with a bolt by a yaktaur captain

Illustrated notes

Levels and vault maps discovered:
D:1:      saegor_arrival_simple_a, layout_basic, minmay_misc_feat_four_crosses
D:2:      layout_basic, uniq_sigmund
D:3:      layout_basic, ebering_ghost_reflecting_pool, cheibrodos_gnoll_hut
D:4:      layout_rooms, serial_rivers, chequers_serial_rivers_small_3,
          chequers_serial_rivers_room_a, chequers_serial_rivers_room_b,
          chequers_serial_rivers_micro_b, chequers_serial_rivers_small_3,
          minmay_distorted
D:5:      layout_cave_pods, minmay_temple_entry_offerings
D:6:      layout_loops_cross
D:7:      layout_cave_pools, overflow_temple_1_default, xom_teletrap_fun
D:8:      layout_loops_ring, serial_shops, shop, minmay_misc_feat_cross
D:9:      layout_grid_maze, serial_shops, shop, nicolae_shop_behind_doors,
          shop_fountains
D:10:     minmay_angry_zag, layout_stronghold, erik_lair_island,
          grunt_decor_mini_mirrors
D:11:     minmay_tile_spiral, layout_gridville, gammafunk_ghost_smash,
          kennysheep_generic_room_7
Temple:   regret_index_temple_sigil_plot

Skill      XL: |  1  2  3  4  5  6  7  8  9 10 11 |
---------------+----------------------------------+-----
Transmutations | 2 3 4 5 |  5.6
Spellcasting   | 5 6 7 8 |  8.1
Fighting       | 1 2 3 4 5 6 |  6.2
Long Blades    | 1 2 3 4 5 6 |  6.2
Axes           | 1 2 3 4 5 6 |  6.2
Maces & Flails | 1 2 3 4 5 6 |  6.2
Polearms       | 1 2 3 4 5 6 |  6.2
Staves         | 1 2 3 4 5 6 |  6.2
Slings         | 1 2 3 4 5 6 |  6.2
Bows           | 1 2 3 4 5 6 |  6.2
Crossbows      | 1 2 3 4 5 6 |  6.2
Throwing       | 1 2 3 4 5 6 |  6.2
Armour         | 1 2 3 4 5 6 |  6.2
Dodging        | 3 4 5 6 |  6.8
Stealth        | 1 2 3 4 5 6 |  6.2
Shields        | 3 4 5 6 |  6.8
Unarmed Combat | 1 2 3 4 5 6 |  6.2
Conjurations   | 1 2 3 4 5 |  5.1
Hexes          | 1 2 3 4 5 |  5.1
Summonings     | 1 2 3 4 5 |  5.1
Necromancy     | 1 2 3 4 5 |  5.1
Translocations | 1 2 3 4 5 |  5.1
Fire Magic     | 1 2 3 4 5 |  5.1
Ice Magic      | 1 2 3 4 5 |  5.1
Air Magic      | 1 2 3 4 5 |  5.1
Earth Magic    | 1 2 3 4 5 |  5.1
Poison Magic   | 4 5 6 |  6.5
Invocations    | 1 2 3 4 5 6 |  6.8
Evocations     | 3 4 5 6 |  6.8
Short Blades   | 5 6 7 |  7.8

Action                   |  1- 3 |  4- 6 |  7- 9 | 10-12 || total
-------------------------+-------+-------+-------+-------++-------
Melee: Dagger            |    55 |       |       |       ||    55
       Bite              |     7 |    15 |    39 |    22 ||    83
       Kick              |     6 |     1 |    10 |     7 ||    24
       Headbutt          |     6 |     1 |     3 |     7 ||    17
       Short sword       |    19 |   165 |   306 |   283 ||   773
       Unarmed           |     3 |    50 |   211 |   180 ||   444
       Punch             |       |     1 |     3 |       ||     4
 Cast: Beastly Appendage |     7 |     1 |     2 |     1 ||    11
       Spider Form       |     1 |     4 |    28 |    24 ||    57
 Abil: End Transformatio |       |       |     1 |     1 ||     2
Evoke: Wand              |       |       |     2 |     4 ||     6
  Use: Scroll            |     6 |     2 |     2 |       ||    10
       Potion            |       |       |       |     1 ||     1
 Stab: Sleeping          |     1 |     1 |     2 |     3 ||     7
Armor: Robe              |     3 |       |       |       ||     3
       Ring mail         |     3 |    62 |   133 |     4 ||   202
       Skin              |       |     1 |    10 |     6 ||    17
       Scale mail        |       |       |       |   121 ||   121
Dodge: Dodged            |    47 |   170 |   439 |   333 ||   989
Block: Buckler           |       |       |    12 |    59 ||    71

Table legend: (Time is in decaauts)
 A = Elapsed time spent in this place.
 B = Non-inter-level travel time spent in this place.
 C = Inter-level travel time spent in this place.
 D = Time resting spent in this place.
 E = Time spent auto-exploring this place.
 F = Levels seen in this place.
 G = Mean time per level.
                   A        B        C        D        E       F      G
               +--------+--------+--------+--------+--------+-----+--------+
         Total |  13700 |  13323 |    377 |   1472 |   9291 |  12 | 1141.7 |
       Dungeon |  13345 |  13016 |    329 |   1472 |   8993 |  11 | 1213.2 |
        Temple |    354 |    306 |     48 |      0 |    298 |   1 |  354.0 |
               +--------+--------+--------+--------+--------+-----+--------+

Top non-repeatable levels by time:
    D:10: 2116 daAuts
     D:7: 1466 daAuts
     D:9: 1365 daAuts
     D:8: 1334 daAuts
     D:4: 1299 daAuts
     D:1: 1195 daAuts
     D:5: 1171 daAuts
     D:2: 1151 daAuts
     D:3: 1081 daAuts
     D:6: 1018 daAuts
  Temple: 354 daAuts
    D:11: 143 daAuts
